Map: New Repugnancy LE

Players

DarwinAwdWnr - Winner!

  • Race: Zerg Zerg
  • Spawn Location: 7:00

Tosskiller

  • Race: Zerg Zerg
  • Spawn Location: 1:00

VOD

Have the link to the VOD?

Description

Time

  • Played on: June 2, 2019, 11:34 a.m.
  • Length: 10:45
Show
View Real Time Build Order
Export as new Build Order

DarwinAwdWnr Zerg - Winner!

Build Orders: Hatch First, Roach Hydra 

Get SALT Encoding   

  12  0:01  Drone  
  13  0:14  Drone  
  13  0:20  Overlord  
  14  0:39  Drone x2  
  16  0:44  Drone  
  17  0:56  Drone  
  18  0:59  Hatchery  
  18  1:01  Drone, Extractor  
  17  1:20  Spawning Pool  
  17  1:21  Drone  
  17  1:26  Drone  
  18  1:35  Drone  
  19  1:43  Overlord  
  19  2:05  Drone  
  19  2:07  Queen  
  22  2:09  Metabolic Boost  
  22  2:14  Queen  
  24  2:19  Zergling x2  
  24  2:20  Zergling x4  
  27  2:40  Baneling Nest  
  26  2:48  Overlord x2  
  26  2:49  Drone x3  
  26  2:50  Drone  
  30  3:09  Drone  
  31  3:21  Drone x6  
  31  3:23  Roach Warren  
  35  3:42  Drone x6  
  35  3:48  Evolution Chamber  
  39  3:49  Evolution Chamber  
  39  3:52  Extractor  
  39  3:55  Queen  
  37  4:02  Extractor  
  37  4:03  Zergling x2, Extractor  
  37  4:04  Roach x2  
  37  4:06  Roach  
  43  4:22  Lair  
  43  4:24  Zerg Missile Weapons Level 1  
  43  4:35  Drone  
  43  4:36  Drone x8  
  52  4:58  Zerg Ground Armor Level 1  
  52  5:06  Hatchery  
  51  5:21  Glial Reconstitution  
  51  5:31  Overlord x3, Hydralisk Den  
  50  5:39  Queen  
  50  5:41  Overlord x2  
  52  5:49  Overseer, Queen  
  54  5:55  Roach x4  
  64  5:57  Roach  
  64  6:09  Muscular Augments  
  64  6:27  Overlord x2  
  64  6:40  Drone  
  64  6:41  Drone x13  
  64  6:42  Drone  
  79  6:56  Roach x4  
  79  6:58  Roach  
  89  7:08  Zerg Missile Weapons Level 2  
  89  7:29  Roach x4  
  97  7:30  Zerg Ground Armor Level 2  
  97  7:31  Overlord x2  
  97  7:47  Overlord  
  97  7:48  Overlord  
  97  8:07  Grooved Spines  
  97  8:08  Hydralisk x12  
  121  8:20  Extractor  
  121  8:22  Extractor  
  119  8:29  Hydralisk x5  
  119  8:31  Overlord  
  119  8:32  Overlord x2  
  129  8:51  Spine Crawler  
  128  9:19  Hydralisk  
  128  9:20  Hydralisk x12  
  154  9:38  Overlord x3  
  141  9:57  Roach x6  
  141  9:58  Roach x4  
Show
View Real Time Build Order
Export as new Build Order

Tosskiller Zerg 

Build Orders: Hatch First 

Get SALT Encoding   

  12  1:35  Hatchery  
  11  1:43  Drone x2  
  11  1:44  Drone, Spawning Pool  
  11  1:45  Hatchery  
  12  1:58  Drone  
  13  2:05  Drone  
  14  2:16  Overlord  
  14  2:27  Extractor  
  14  2:28  Drone  
  14  2:34  Queen  
  14  2:35  Extractor  
  15  2:37  Drone  
  16  2:48  Queen  
  16  2:50  Drone x2  
  20  2:58  Queen  
  22  2:59  Drone  
  22  3:01  Drone  
  22  3:02  Drone  
  25  3:07  Drone  
  26  3:19  Lair  
  25  3:32  Zergling x4  
  25  3:33  Zergling x2  
  24  4:01  Spine Crawler  
  23  4:09  Spine Crawler  
  22  4:14  Drone x2  
  25  4:17  Drone  
  25  4:25  Drone x2  
  27  4:35  Spine Crawler  
  27  4:38  Drone  
  27  4:49  Infestation Pit  
  27  4:50  Drone  
  27  4:51  Drone  
  28  5:01  Drone x2  
  28  5:02  Drone  
  31  5:09  Drone x2  
  33  5:14  Drone  
  34  5:22  Overlord  
  34  5:34  Hive  
  34  5:42  Metabolic Boost  
  34  5:43  Zergling x6  
  37  5:54  Drone x2  
  37  5:56  Drone x3  
  42  6:06  Overlord  
  42  6:23  Spore Crawler  
  42  6:24  Queen  
  43  7:09  Hatchery, Overseer  
  42  7:19  Hatchery  
  41  7:25  Drone x3  
  41  7:26  Drone x4, Ultralisk Cavern  
  41  7:29  Drone x2  
  49  7:34  Drone x2, Extractor  
  49  7:35  Extractor  
  47  8:10  Overlord  
  47  8:11  Overlord, Drone  
  48  8:17  Hydralisk Den  
  47  8:20  Ultralisk  
  47  8:24  Overlord, Drone  
  54  8:28  Overlord  
  54  8:30  Drone  
  54  8:53  Ultralisk x2  
  66  8:58  Hydralisk x3  
  66  9:00  Zergling x6  
  66  9:01  Zergling x6  
  78  9:03  Zergling x6  
  81  9:11  Evolution Chamber  
  81  9:13  Evolution Chamber  
  79  9:26  Ultralisk, Hydralisk  
  79  9:27  Hydralisk  
  79  9:28  Zergling x2  
  90  9:36  Overlord  
  75  9:55  Ultralisk, Zergling x6  
Tags
 
Composition
Roach Hydra
Matchup
ZvZ
Race
Zerg
Replay Pack
10.7.19
Spawn Locations
Cross Positions
Add a new tag
Caveats
  • Supply blocks, unpowered buildings, or Contaminate may cause inaccurate times.
  • Supply counts are checked every 10 seconds.